 Dungeon Crawl Stone Soup version 0.31-a0-845-g9abc20d24f (webtiles) character file.

Game seed: 8939196050877908487

37 arglypuff the Ducker (level 3, -4/25 HPs)
             Began as a Djinni Hedge Wizard on Oct 2, 2023.
             Slain by Terence
             ... wielding a +0 heavy hand axe
              (10 damage)
             ... on level 2 of the Dungeon.
             The game lasted 00:01:19 (1480 turns).

arglypuff the Ducker (Djinni Hedge Wizard)          Turns: 1480, Time: 00:01:20

Health: -4/25      AC:  2    Str:  9    XL:     3   Next: 62%
Gold:   202        EV: 12    Int: 17    God:
                   SH:  0    Dex: 12

rFire   + + .        a - +0 dagger
rCold   x . .        (no shield)
rNeg    . . .        b - +0 robe
rPois   ∞            c - +0 hat
rElec   .            (no cloak)
rCorr   .            (no gloves)
SInv    .            (boots unavailable)
Will    .....        (no amulet)
Stlth   ++           (no ring)
HPRegen 0.24/turn    (no ring)
MPRegen 0.00/turn

%: infuse magic (-5 HP)
@: flying, very slightly contaminated
A: sickness immunity, fire resistance 2, cold vulnerability 1, float, innate
caster, HP casting, extra vitality 1
a: no special abilities


You were on level 2 of the Dungeon.
You visited 1 branch of the dungeon, and saw 2 of its levels.

You collected 202 gold pieces.

Inventory:

Hand Weapons
 a - a +0 dagger (weapon)
Armour
 b - a +0 robe (worn)
 c - a +0 hat (worn)
Scrolls
 d - a scroll of fear {unknown}
 f - a scroll of identify {unknown}
 h - 3 scrolls of noise {unknown}
 k - a scroll of fog {unknown}
 l - a scroll of amnesia {unknown}
Potions
 e - 2 potions of curing {unknown}
 g - 3 potions of enlightenment {unknown}
 i - a potion of might {unknown}
 j - a potion of attraction {unknown}


   Skills:
 + Level 3.1 Dodging
 + Level 2.4 Stealth
 + Level 2.9 Spellcasting
 + Level 2.9 Conjurations
 + Level 2.9 Hexes
 + Level 2.9 Summonings
 + Level 2.9 Necromancy
 + Level 2.9 Translocations
 + Level 2.9 Transmutations
 + Level 2.9 Fire Magic
 + Level 2.9 Ice Magic
 + Level 2.9 Air Magic
 + Level 2.9 Earth Magic
 + Level 2.9 Poison Magic


You knew the following spells:

 Your Spells              Type           Power      Damage    Failure   Level
a - Magic Dart            Conj           48%        1d5       5%          1
b - Slow                  Hex            48%        N/A       5%          1
c - Blink                 Tloc           24%        N/A       9%          2
d - Call Imp              Summ           24%        N/A       9%          2
e - Mephitic Cloud        Conj/Pois/Air  12%        N/A       16%         3
f - Foxfire               Conj/Fire      48%        2x1d6     5%          1
Your spell library was empty.

Dungeon Overview and Level Annotations

Branches:
Dungeon (2/15)

Altars:

Annotations:
D:2 Terence


Innate Abilities, Weirdness & Mutations

You are immune to sickness and miasma.
You are immune to poison.
Your flesh is very heat resistant. (rF++)
You are vulnerable to cold. (rC-)
You float through the air rather than walking.
You learn spells naturally, not from books.
Your magical power is your life essence.
You have superior vitality. (+4 MHP)


Message History

There is an open door here.
You see here a jackal skeleton.
There is a large open door here.
There is a large open door here.
You see here a +0 leather armour.
There is an escape hatch in the floor here.
Terence the Incautious comes into view.
He is wielding a +0 heavy hand axe.
Terence shouts!
Terence screams, "I'm going to kill you!"
Terence is nearby!
Terence is nearby!
Terence is nearby!
You miscast Magic Dart.
You are very lightly contaminated with residual magic.
Nothing appears to happen.
Casting: Magic Dart (safe; 5% risk of failure)
Confirm with . or Enter, or press ? or * to list all spells.
A tiny devil pulls itself out of the air.
The magic dart hits Terence but does no damage.
Your cerulean imp hits Terence but does no damage.
The magic dart hits Terence but does no damage.
Your cerulean imp barely misses Terence.
Terence says, "Time to say good-bye..."
Terence hits you with a +0 heavy hand axe.
Terence closely misses your cerulean imp.
You miscast Magic Dart.
Nothing appears to happen.
Your cerulean imp completely misses Terence.
You miscast Magic Dart.
Nothing appears to happen.
Terence hits you with a +0 heavy hand axe!
* * * LOW HITPOINT WARNING * * *
Terence barely misses your cerulean imp.
Your cerulean imp hits Terence but does no damage.
You are too injured to fight recklessly!
Your cerulean imp hits Terence but does no damage.
Terence shouts, "ATTACK!!!"
Your cerulean imp barely misses Terence.
Your cerulean imp hits Terence but does no damage.
Terence attacks as he pursues you!
Terence hits you with a +0 heavy hand axe!
You die...

.#......## ##########
.#.####.# #........#
.#.#....# #.######.#
.#.#.#..#######.# .#.#
.#.# #..........# .#.#
.#.. #.#......### .#.#
.#.###.#.####.# .#.#
.#.....#.####.######.#.#
.#..............@@..5#.#
.#######.####.########.#
.........# #.# #.#
########## #.# #.# #.#
#.# #.########.#
#..........#
############


You could see Terence (ally target) and a friendly cerulean imp (summoned).

Vanquished Creatures
  A dart slug (D:1)
  2 ball pythons (D:1)
  3 bats
  3 endoplasms
  3 goblins
  4 hobgoblins
  A jackal (D:2)
  6 kobolds
  2 quokkas (D:1)
  6 frilled lizards
  A rat (D:1)
32 creatures vanquished.

Notes
Turn   | Place    | Note
-------+----------+-------------------------------------------
     0 | D:1      | arglypuff the Djinni Hedge Wizard began the quest for the
                  | Orb.
     0 | D:1      | arglypuff set off with the following spells memorised:
                  | Magic Dart, Slow, Blink, Call Imp, Mephitic Cloud.
     0 | D:1      | Reached XP level 1. HP: 15/15 MP: 0/0
   129 | D:1      | Reached XP level 2. HP: 20/21 MP: 0/0
   462 | D:1      | Reached skill level 3 in Dodging
   462 | D:1      | Reached XP level 3. HP: 22/25 MP: 0/0
   462 | D:1      | Learned a level 1 spell: Foxfire
  1471 | D:2      | Noticed Terence
  1480 | D:2      | Slain by Terence

Illustrated notes

Levels and vault maps discovered:
D:1:      lemuel_arrival_river_ford, layout_loops_ring, serial_bayou_pond_a,
          wander_ebering_terrifying_dragon_lair
D:2:      layout_basic, basic_altar, kennysheep_generic_room_7, uniq_terence

Skill      XL: |  1  2 |
---------------+-------+-----
Stealth        | 2 |  2.4
Dodging        | 3 |  3.1
Spellcasting   | |  2.9
Conjurations   | |  2.9
Hexes          | |  2.9
Summonings     | |  2.9
Necromancy     | |  2.9
Translocations | |  2.9
Transmutations | |  2.9
Fire Magic     | |  2.9
Ice Magic      | |  2.9
Air Magic      | |  2.9
Earth Magic    | |  2.9
Poison Magic   | |  2.9

Action                     || total
---------------------------++-------
   Cast: Magic Dart        ||    74
         Call Imp          ||     1
 Armour: Robe              ||     6
  Dodge: Dodged            ||     4

Table legend: (Time is in decaauts)
 A = Elapsed time spent in this place.
 B = Non-inter-level travel time spent in this place.
 C = Inter-level travel time spent in this place.
 D = Time resting spent in this place.
 E = Time spent auto-exploring this place.
 F = Levels seen in this place.
 G = Mean time per level.
                   A        B        C        D        E       F      G
               +--------+--------+--------+--------+--------+-----+--------+
         Total |   1479 |   1468 |     11 |      0 |   1319 |   2 |  739.5 |
       Dungeon |   1479 |   1468 |     11 |      0 |   1319 |   2 |  739.5 |
               +--------+--------+--------+--------+--------+-----+--------+

Top non-repeatable levels by time:
     D:1: 858 daAuts
     D:2: 621 daAuts
